 Dungeon Crawl Stone Soup version 0.29.1-2-gbd0b4ee654 (webtiles) character file.

Game seed: 7580465480613056720

483655 GeoRichter the Maledictor (level 23, 0/128 HPs)
             Began as a Spriggan Hunter on Nov 12, 2022.
             Was the Champion of Okawaru.
             Hit by a large rock thrown by Parghit (29 damage)
             ... on level 3 of the Depths.
             The game lasted 02:38:13 (59385 turns).

GeoRichter the Maledictor (Spriggan Hunter)        Turns: 59385, Time: 02:38:14

Health: 0/128      AC: 13    Str:  7    XL:     23   Next: 46%
Magic:  5/37       EV: 46    Int: 22    God:    Okawaru [******]
Gold:   5133       SH:  5    Dex: 38    Spells: 26/59 levels left

rFire   + + .      SeeInvis +   a - +9 arbalest of the Brain {venom, *Corrode rElec rPois Dex+4}
rCold   + + .      Faith    .   (shield currently unavailable)
rNeg    + + .      Spirit   .   q - +6 acid dragon scales
rPois   +          Reflect  +   w - +3 hat "Oquiwn" {rPois rN+ MP-9 Slay+5}
rElec   +          Harm     .   N - +0 cloak of Kiblevoh {Rampage Int+4}
rCorr   +          Rampage  +   (gloves unavailable)
Will    +++++                   (boots unavailable)
Stlth   +++++++++.              X - amulet of Vas Jeis {Reflect Rampage SH+5}
HPRegen 0.31/turn               t - ring "Efi Liptoth" {rF++ Int+6 Dex+6}
MPRegen 0.25/turn               Z - ring "Qearghyt" {*Slow rC+ rN+ Will+++ rCorr}

@: corroded, studying 2 skills, very quick
A: very small, no large weapons, unfitting armour, see invisible, speed 3, cold
resistance 1
}: 3/15 runes: barnacled, silver, gossamer
a: Renounce Religion, Heroism, Finesse, Duel


You were on level 3 of the Depths.
You worshipped Okawaru.
Okawaru was exalted by your worship.
You visited 8 branches of the dungeon, and saw 41 of its levels.
You also visited: Gauntlet and Ice Cave.

You collected 7076 gold pieces.
You spent 1943 gold pieces at shops.

Inventory:

Hand Weapons
 a - the +9 arbalest of the Brain (weapon) {venom, *Corrode rElec rPois Dex+4}
   (Okawaru gifted it to you on level 3 of the Vaults)

   Any ammunition fired from it poisons the flesh of those it strikes.
   Dex:       It affects your dexterity (+4).
   rElec:     It insulates you from electricity.
   rPois:     It protects you from poison.
   *Corrode:  It may corrode you when you take damage.
 b - the +12 short sword "Trog's Brutal Revenge" {vorpal, Int+3}
   (You took it off a minotaur in a Gauntlet)

   It inflicts extra damage upon your enemies.
   Int:       It affects your intelligence (+3).
 r - a +12 arbalest
   (Okawaru gifted it to you on level 1 of the Depths)
 v - the +8 arbalest "Iriop" {penet, rF++ rN+ Int-3}
   (Okawaru gifted it to you on level 15 of the Dungeon)

   Any ammunition fired by it passes through the targets it hits, potentially
   hitting all targets in its path until it reaches maximum range.
   Int:       It affects your intelligence (-3).
   rF:        It greatly protects you from fire.
   rN:        It protects you from negative energy.
 Q - a +2 arbalest of freezing
   (You found it on level 3 of the Vaults)
Missiles
 H - 3 throwing nets {!f}
Armour
 i - the +3 warlock's mirror {reflect}
   (Okawaru gifted it to you on level 1 of the Vaults)

   It can block and reflect piercing ranged attacks and magical attacks against
   the wielder's willpower.
 q - +6 acid dragon scales (worn)
   (You found it on level 9 of the Dungeon)
 w - the +3 hat "Oquiwn" (worn) {rPois rN+ MP-9 Slay+5}
   (You acquired it on level 9 of the Dungeon)

   Slay:      It affects your accuracy & damage with ranged weapons and melee
   (+5).
   rPois:     It protects you from poison.
   rN:        It protects you from negative energy.
   MP:        It affects your magic capacity (-9).
 N - the +0 cloak of Kiblevoh (worn) {Rampage Int+4}
   (You found it on level 3 of the Vaults)

   Int:       It affects your intelligence (+4).
   Rampage:   It bestows one free step when moving towards enemies.
 W - the +1 cloak of the Thieving Gods {+Blink Will+ Stlth+}
   (You found it on level 3 of the Shoals)

   +Blink:    It lets you blink.
   Will:      It increases your willpower.
   Stlth:     It makes you more stealthy.
 Y - the +1 buckler of Philately {Will+ Dex+4 Stlth+}
   (Okawaru gifted it to you on level 4 of the Shoals)

   Dex:       It affects your dexterity (+4).
   Will:      It increases your willpower.
   Stlth:     It makes you more stealthy.
Jewellery
 t - the ring "Efi Liptoth" (left hand) {rF++ Int+6 Dex+6}
   (You found it in a Gauntlet)

   [ring of intelligence]

   Int:       It affects your intelligence (+6).
   Dex:       It affects your dexterity (+6).
   rF:        It greatly protects you from fire.
 L - a ring of protection from cold
   (You took it off a deep elf pyromancer on level 3 of the Elven Halls)
 R - the amulet "Kimuniu" {rPois Regen+ rCorr Str+4 Dex+3}
   (You took it off a deep elf annihilator on level 3 of the Elven Halls)

   [amulet of regeneration]

   Str:       It affects your strength (+4).
   Dex:       It affects your dexterity (+3).
   rPois:     It protects you from poison.
   Regen:     It increases your rate of health regeneration.
   rCorr:     It protects you from acid and corrosion.
 X - the amulet of Vas Jeis (around neck) {Reflect Rampage SH+5}
   (You took it off a merfolk on level 3 of the Shoals)

   [amulet of reflection]

   It reflects blocked missile attacks.
   SH:        It affects your SH (+5).
   Rampage:   It bestows one free step when moving towards enemies.
 Z - the ring "Qearghyt" (right hand) {*Slow rC+ rN+ Will+++ rCorr}
   (You bought it in a shop on level 3 of the Elven Halls)

   [ring of resist corrosion]

   rC:        It protects you from cold.
   rN:        It protects you from negative energy.
   rCorr:     It protects you from acid and corrosion.
   *Slow:     It may slow you when you take damage.
   Will:      It greatly increases your willpower.
Wands
 p - a wand of quicksilver (36)
   (You found it on level 5 of the Lair of Beasts)
 x - a wand of paralysis (32)
   (You found it on level 6 of the Dungeon)
 B - a wand of iceblast (14)
   (You found it on level 1 of the Lair of Beasts)
 I - a wand of mindburst (25)
   (You took it off Amaemon on level 10 of the Dungeon)
Scrolls
 d - 7 scrolls of immolation {!r}
 g - 7 scrolls of magic mapping
 j - 4 scrolls of torment {!r}
 k - 6 scrolls of noise {!r}
 l - 8 scrolls of teleportation {@r4}
 m - 9 scrolls of fear
 u - 2 scrolls of blinking
 z - a scroll of summoning
 C - 7 scrolls of poison {!r}
 D - 5 scrolls of enchant armour
 G - 4 scrolls of silence
 K - 7 scrolls of enchant weapon
 S - 4 scrolls of vulnerability {!r}
Potions
 c - 21 potions of curing {@q1}
 e - 8 potions of might
 f - 12 potions of mutation {!q}
 h - 9 potions of lignification {!q}
 n - 10 potions of brilliance
 o - 10 potions of flight
 s - 2 potions of resistance
 A - 3 potions of cancellation
 E - 2 potions of haste {@q3}
 M - 4 potions of invisibility
 O - 3 potions of attraction {!q}
 P - 5 potions of heal wounds {@q2}
 T - 4 potions of berserk rage
 U - 4 potions of magic
 V - 2 potions of ambrosia
Miscellaneous
 F - a condenser vane
   (You found it on level 5 of the Lair of Beasts)
 J - a phial of floods
   (You found it on level 5 of the Lair of Beasts)


   Skills:
 * Level 16.3 Fighting
 - Level 18.0 Ranged Weapons
 - Level 6.0 Armour
 + Level 19.7 Dodging
 + Level 21.3 Stealth
 - Level 18.9 Spellcasting
 - Level 24.7 Hexes
 + Level 7.9 Translocations
 - Level 10.6 Transmutations
 - Level 9.5 Invocations
 - Level 8.0 Evocations


You had 26 spell levels left.
You knew the following spells:

 Your Spells              Type           Power      Damage    Failure   Level
a - Wereblood             Tmut           61%        N/A       1%          2
b - Enfeeble              Hex            46%        N/A       1%          7
c - Discord               Hex            46%        N/A       1%          8
d - Yara's Violent Unrav  Hex/Tmut       39%        3d16      1%          5
e - Silence               Hex/Air        33%        N/A       1%          5
f - Dispersal             Tloc           26%        N/A       26%         6

Your spell library contained the following spells:

 Spells                   Type           Power      Damage    Failure   Level
 Slow                     Hex            100%       N/A       0%          1
 Confusing Touch          Hex            92%        N/A       0%          3
 Portal Projectile        Hex/Tloc       100%       N/A       0%          3
 Beastly Appendage        Tmut           100%       N/A       1%          1
 Sting                    Tmut/Pois      100%       1d8       1%          1
 Blink                    Tloc           100%       N/A       1%          2
 Ensorcelled Hibernation  Hex/Ice        100%       N/A       1%          2
 Passwall                 Tmut/Erth      36%        N/A       1%          2
 Dazzling Flash           Conj/Hex       100%       N/A       1%          3
 Gell's Gravitas          Tloc           53%        N/A       1%          3
 Spider Form              Tmut/Pois      44%        N/A       1%          3
 Teleport Other           Tloc           53%        N/A       1%          3
 Anguish                  Hex/Necr       33%        N/A       1%          4
 Leda's Liquefaction      Hex/Erth       33%        N/A       1%          4
 Blade Hands              Tmut           30%        N/A       1%          5
 Ignite Poison            Fire/Tmut/Pois 36%        N/A       3%          3
 Freeze                   Ice            80%        1d9       4%          1
 Necrotise                Necr           80%        1d8       4%          1
 Shock                    Conj/Air       80%        1d8       4%          1
 Ice Form                 Ice/Tmut       44%        N/A       4%          4
 Petrify                  Tmut/Erth      44%        N/A       4%          4
 Manifold Assault         Tloc           53%        N/A       4%          5
 Sublimation of Blood     Necr           20%        N/A       6%          2
 Iskenderun's Mystic Bla  Conj/Tloc      38%        2d9       9%          4
 Frozen Ramparts          Ice            40%        1d7       13%         3
 Ozocubu's Armour         Ice            20%        N/A       13%         3
 Stone Arrow              Conj/Erth      40%        3d9       13%         3
 Swiftness                Air            20%        N/A       13%         3
 Vampiric Draining        Necr           20%        2d7       13%         3
 Irradiate                Conj/Tmut      22%        3d19      13%         5
 Airstrike                Air            10%        2d(2-18)  38%         4
 Hailstorm                Conj/Ice       20%        3d6       38%         4
 Olgreb's Toxic Radiance  Pois           20%        N/A       38%         4
 Statue Form              Tmut/Erth      29%        N/A       58%         6
 Agony                    Necr           20%        N/A       75%         5
 Borgnjor's Vile Clutch   Necr/Erth      10%        N/A       75%         5
 Iskenderun's Battlesphe  Conj           20%        2d7       75%         5
 Storm Form               Tmut/Air       22%        N/A       99%         7
 Conjure Ball Lightning   Conj/Air       10%        3x3d6     100%        6
 Iron Shot                Conj/Erth      10%        9d3       100%        6
 Starburst                Conj/Fire      10%        6d5       100%        6
 Ozocubu's Refrigeration  Ice            10%        4d9       100%        7
 Disjunction              Tloc           26%        N/A       100%        8
 Ignition                 Fire           10%        3d5       100%        8
 Lehudib's Crystal Spear  Conj/Erth      10%        10d4      100%        8
 Shatter                  Erth           10%        3d11*     100%        9
 Call Canine Familiar     Summ           Unusable   N/A       N/A         3
 Animate Armour           Summ/Erth      Unusable   N/A       N/A         4
 Simulacrum               Ice/Necr       Unusable   N/A       N/A         6
 Spellforged Servitor     Conj/Summ      Unusable   N/A       N/A         7

Dungeon Overview and Level Annotations

Branches:
Dungeon (15/15) Zot: 25485  Temple (0/1) D:6            Lair (5/5) D:9 Zot: 23792
 Shoals (4/4) Lair:3 Zot: 20183  Spider (4/4) Lair:2 Zot: 18833   Slime (0/5) Lair:5
    Orc (2/2) D:11 Zot: 9962     Elf (3/3) Orc:2 Zot: 14115  Vaults (5/5) D:13 Zot: 21757
  Crypt (0/3) Vaults:2     Depths (3/4) D:15 Zot: 14253   IceCv (visited)
Gauntlet (visited)

Altars:
Ashenzari
Cheibriados
Dithmenos
Gozag
Kikubaaqudgha
Makhleb
Nemelex Xobeh
Okawaru
Ru
Sif Muna
Trog
Uskayaw
Vehumet
Wu Jian
Yredelemnul
Zin
The Shining One
Jiyva

Shops:
D:6 *?!*(   D:11 *   Orc:2 [(=*=   Elf:2 *   Elf:3 =[   Shoals:1 !*
Shoals:2 [   Vaults:1 *   Vaults:5 *   Depths:1 :

Portals:
Hell: Depths:1 Depths:2 Depths:3
Abyss: D:4 Depths:1 Depths:2 Depths:3
Pandemonium: Depths:2

Annotations:
D:4 2 transporters
Lair:3 1 runed translucent door, Doxias's ghost, journeyman OpEE
Lair:5 exclusion: obsidian statue
Spider:1 2 transporters
Spider:4 Arachne
Depths:1 1 runed translucent door
Depths:3 Parghit


Innate Abilities, Weirdness & Mutations

You are very small and have problems with some larger weapons.
You are too small for most types of armour.
You have supernaturally acute eyesight. (SInv)
You cover ground extremely quickly. (Speed+++)
Your flesh is cold resistant. (rC+)


Message History

Parghit claws the frost giant!!
The frost giant dies!
Okawaru accepts your kill.
You feel a bit more experienced.
Here: Parghit, wearing +6 gold dragon scales and quivering large rocks (fast)
The floor.
Aim: Parghit, wearing +6 gold dragon scales and quivering large rocks (fast, will inflict weakness, chance to daze and blind: 35%) Parghit partially resists.
Parghit is enfeebled!
Okawaru accepts your kill.
You feel a bit more experienced.
You shoot a bolt. The bolt hits Parghit!
Parghit is poisoned.
Parghit snarls, "My dungeon!
Leave!"
Parghit throws a large rock.
The large rock completely misses you.
Parghit throws a large rock.
The large rock completely misses you.
You shoot a bolt. The bolt completely misses Parghit.
Parghit throws a large rock.
The large rock barely misses you.
Parghit throws a large rock.
The large rock completely misses you.
You shoot a bolt. The bolt completely misses Parghit.
The bolt hits the deep troll shaman but does no damage.
The deep troll shaman is poisoned.
The deep troll shaman bites Parghit but does no damage.
The deep troll shaman claws Parghit.
The deep troll shaman claws Parghit!
Parghit throws a large rock.
You reflect the large rock off an invisible shield around you!
The large rock hits Parghit!!!
The deep troll shaman bites Parghit!!
The deep troll shaman claws Parghit! x2
You shoot a bolt. The bolt hits Parghit!
Parghit looks as sick as possible!
Parghit is no longer weakened.
You shoot a bolt. The bolt hits Parghit!!
Parghit throws a large rock.
The large rock closely misses you.
The deep troll shaman bites Parghit!
The deep troll shaman claws Parghit!!
The deep troll shaman claws Parghit but does no damage.
Parghit snarls at the deep troll shaman, "Go!
Away!"
Parghit bites the deep troll shaman!!
Parghit claws the deep troll shaman!!
The deep troll shaman dies!
The troll leather armour is intact enough to wear.
Parghit shouts!
You shoot a bolt.
The bolt hits Parghit but does no damage.
You shoot a bolt. The bolt hits Parghit!
Parghit looks as sick as possible!
Parghit throws a large rock.
The large rock hits you!!!
Parghit throws a large rock.
The large rock hits you!
Parghit throws a large rock.
The large rock completely misses you.
Things that are here:
a +2 great mace of flaming; a +0 chain mail Parghit throws a large rock.
The large rock hits you!!!
* * * LOW HITPOINT WARNING * * *
Your corrosive artefact corrodes you!
Parghit throws a large rock.
The large rock hits you!!
You die...

###########....##≈§...)≈#
..............<###§....##
..[...T........##§....§≈#
.........T.....###.....##
###########)...##≈.....§#
#....#####'####
#....##.⌠...⌠.#
####.##.......#
#..@.⌠...⌠## ####......#
#.....## #.##### #.# #.#
#.# #.# ##.#


You could see Parghit (fast, extremely poisoned).

Vanquished Creatures
  A dread lich (Vaults:5)
  An ancient lich (Vaults:5)
  A juggernaut (Depths:2)
  Saint Roka (Orc:2)
  A golden dragon (Vaults:5)
  A Brimstone Fiend (Depths:3)
  3 tentacled monstrosities (Vaults:5)
  A walking crystal tome (Depths:2)
  2 liches (Vaults:5)
  Mlioglotl (Spider:3)
  5 titans
  2 deep elf master archers (Elf:3)
  4 deep elf blademasters
  2 quicksilver dragons (Vaults:5)
  A walking frostbound tome (Depths:2)
  A kraken (Shoals:4)
  Polyphemus (Shoals:2)
  4 shadow dragons (Vaults:5)
  Roxanne (Shoals:4)
  6 tengu reavers
  A storm dragon (Vaults:3)
  Ilsuiw (Shoals:2)
  An azure jelly (Spider:2)
  5 fire giants
  An iron dragon (Depths:2)
  7 frost giants
  2 deep elf sorcerers (Elf:3)
  An orc warlord (Orc:2)
  A ghost moth (shapeshifter) (Vaults:5)
  17 vault wardens
  7 emperor scorpions
  8 ghost moths
  7 deep elf elementalists (Elf:3)
  2 balrugs
  A war gargoyle (Vaults:2)
  10 very ugly things
  10 stone giants
  9 ironbound preservers
  A quicksilver ooze (shapeshifter) (Vaults:5)
  2 vampire knights
  Nessos (D:15)
  10 ironbound thunderhulks
  11 deep elf demonologists
  17 dire elephants
  7 deep elf annihilators
  3 entropy weavers
  A minotaur (Gauntlet)
  2 spark wasps
  15 ettins
  2 deep elf death magi (Elf:3)
  3 green deaths (Depths:3)
  7 merfolk javelineers
  5 great orbs of eyes
  12 merfolk impalers
  A crystal guardian (Vaults:1)
  5 fire dragons
  10 yaktaur captains
  2 ice dragons
  4 vault guards
  2 rakshasas (Depths:2)
  6 deep elf high priests
  A salamander tyrant (Depths:2)
  6 hydras
  2 peacekeepers
  2 spriggan air magi
  3 jorogumos
  3 radroaches
  4 boulder beetles
  3 catoblepae
  20 centaur warriors
  A merfolk aquamancer (Shoals:4)
  2 ogre magi
  A satyr (shapeshifter) (D:15)
  An alligator snapping turtle (Shoals:4)
  22 dancing weapons
  6 merfolk avatars
  3 deep troll shamans
  11 two-headed ogres
  10 ironbound frosthearts
  12 death yaks
  A death knight (Vaults:2)
  3 tengu warriors
  An anaconda (shapeshifter) (Elf:3)
  4 satyrs
  A deep troll earth mage (Depths:2)
  A vampire mage (Depths:1)
  2 orc high priests (Orc:2)
  Urug (D:12)
  8 hell knights
  19 deep elf knights
  A spriggan berserker (Depths:2)
  A sun demon (Depths:2)
  8 pharaoh ants
  3 sun moths
  A salamander mystic (Depths:2)
  2 shadow wraiths
  Amaemon (D:10)
  A spectral anaconda (Lair:5)
  3 glowing orange brains
  15 sea snakes
  An orb spider (shapeshifter) (Vaults:5)
  17 deep elf archers
  An iron troll (Depths:1)
  16 orb spiders
  A lindwurm (shapeshifter) (Vaults:5)
  3 steelbarb worms
  23 deep trolls
  11 lindwurms
  A shadow dragon zombie (Depths:2)
  11 ironbound convokers
  17 harpies
  32 deep elf pyromancers
  8 wizards
  24 deep elf zephyrmancers
  2 phantasmal warriors
  An iron dragon zombie (Depths:2)
  26 ugly things
  9 necromancers
  5 orc knights
  A cyclops (shapeshifter) (Depths:2)
  6 orc sorcerers
  21 wolf spiders
  7 cyclopes
  A fire giant zombie (Depths:2)
  9 manticores
  12 fauns
  2 human zombies (Vaults:4)
  A tengu skeleton (Vaults:1)
  15 elephants
  7 salamanders (Depths:2)
  A stone giant zombie (Vaults:4)
  2 dire elephant zombies (Lair:5)
  3 naga magi (D:15)
  9 merfolk sirens
  12 vault sentinels
  8 torpor snails
  A stone giant skeleton (Vaults:1)
  2 centaur zombies (D:15)
  6 black mambas
  A smoke demon (Depths:2)
  7 water nymphs
  A gargoyle (Gauntlet)
  An orange demon (D:10)
  7 cane toads
  A yaktaur zombie (Vaults:4)
  2 efreet
  An unseen horror (shapeshifter) (Elf:3)
  A dire elephant skeleton (Lair:5)
  A centaur skeleton (D:15)
  11 komodo dragons
  14 demonic crawlers
  2 kobold demonologists
  2 rime drakes (Lair:4)
  A komodo dragon (shapeshifter) (Vaults:5)
  Psyche (D:8)
  2 freezing wraiths (Spider:2)
  31 yaktaurs
  2 tengu conjurers
  6 meliai
  A yaktaur skeleton (Vaults:1)
  A human skeleton (Vaults:1)
  A polar bear (shapeshifter) (D:15)
  2 anaconda simulacra (IceCv)
  8 polar bears
  28 tarantellas
  9 trolls
  A merfolk (shapeshifter) (D:13)
  3 hornets
  27 merfolk
  12 dream sheep
  A blink frog (shapeshifter) (D:13)
  5 wind drakes
  13 blink frogs
  A raiju (Gauntlet)
  20 slime creatures
  A snapping turtle (shapeshifter) (Depths:1)
  A culicivora (shapeshifter) (D:13)
  A spriggan (shapeshifter) (Elf:1)
  25 culicivoras
  40 jumping spiders
  4 snapping turtles
  4 wyverns
  An elf simulacrum (Vaults:1)
  3 wraiths (D:9)
  A centaur simulacrum (D:15)
  3 air elementals
  16 water elementals
  16 humans (D:12)
  A fire bat (shapeshifter) (Depths:2)
  2 shadows (D:9)
  24 yaks
  Grum (D:11)
  2 fire elementals (Elf:2)
  3 steam dragons
  3 basilisks
  2 yaktaur simulacra
  44 redbacks
  A steam dragon (shapeshifter) (Vaults:5)
  7 vampire mosquitoes
  3 wargs
  2 harpy simulacra (IceCv)
  2 spectral cane toads (Lair:5)
  A hydra simulacrum (IceCv)
  4 acid dragons
  A floating eye (shapeshifter) (D:12)
  9 water moccasins
  A floating eye (D:9)
  2 ice beasts (D:8)
  40 orc warriors
  An elephant zombie (Lair:5)
  An ettin simulacrum (IceCv)
  7 black bears
  14 wolves
  3 ogres
  An elephant skeleton (Lair:5)
  A phantom (D:5)
  15 centaurs
  5 kobold brigands
  17 bullfrogs
  2 gnoll sergeants
  8 scorpions
  A necrophage (D:4)
  2 earth elementals (Elf:3)
  A cane toad simulacrum (Lair:5)
  20 wights
  2 lindwurm simulacra (IceCv)
  16 killer bees
  5 howler monkeys
  2 vampire bats (D:15)
  2 electric eels
  16 orc priests
  A jelly (D:5)
  2 gnoll boudas
  Natasha (thrice) (D:2)
  2 iguanas
  Terence (D:3)
  24 orc wizards
  14 gnolls
  8 adders
  2 ufetubi
  A worm (D:4)
  3 dart slugs
  68 orcs
  5 endoplasms
  3 giant cockroaches
  6 goblins
  8 hobgoblins
  14 jackals
  27 kobolds
  5 quokkas
  5 ball pythons
  18 bats
  5 frilled lizards
  6 rats
  2 tentacles (Shoals:4)
1659 creatures vanquished.

Vanquished Creatures (collateral kills)
  An ancient lich (Vaults:5)
  The ghost of quaternion the Impregnable, a veteran MiFi of Makhleb (Vaults:3)
  Bai Suzhen (Depths:1)
  A sphinx (Vaults:5)
  A storm dragon (Depths:3)
  A shadow dragon (Vaults:5)
  3 vault wardens
  2 frost giants
  2 fire giants
  4 ironbound preservers
  14 very ugly things
  A stone giant (Depths:1)
  A deep elf annihilator (Vaults:4)
  A deep elf high priest (Vaults:5)
  A great orb of eyes (Vaults:3)
  2 ogre magi (Vaults:5)
  A yaktaur captain (Vaults:4)
  25 vault guards (Vaults:5)
  An ironbound frostheart (Vaults:4)
  4 deep troll earth magi
  6 hell knights
  5 iron trolls
  5 deep trolls
  A glowing orange brain (Depths:2)
  2 ironbound convokers
  2 phantasmal warriors (Vaults:5)
  2 necromancers (Depths:1)
  18 ugly things
  3 vault sentinels
  13 yaktaurs (Vaults:4)
  A freezing wraith (Vaults:5)
126 creatures vanquished.

Vanquished Creatures (others)
  A vault warden (Vaults:4)
  A frost giant (Depths:3)
  3 very ugly things (Depths:2)
  A deep elf demonologist (Depths:3)
  A yaktaur captain (Vaults:4)
  A vault guard (Vaults:5)
  A two-headed ogre (Vaults:5)
  A deep troll shaman (Depths:3)
  A deep troll (Depths:2)
  A deep elf pyromancer (Elf:1)
  2 ugly things (Depths:2)
  A manticore (D:15)
  A centaur skeleton (D:15)
  A yaktaur (Vaults:4)
  A water elemental (D:15)
  An orc priest (Orc:1)
  4 demonic plants (Gauntlet)
  17 fungi
  145 plants
  7 tentacles (Shoals:4)
  25 withered plants (Lair:5)
217 creatures vanquished.

Grand Total: 2002 creatures vanquished

Notes
Turn   | Place    | Note
-------+----------+-------------------------------------------
     0 | D:1      | GeoRichter the Spriggan Hunter began the quest for the Orb.
     0 | D:1      | Reached XP level 1. HP: 10/10 MP: 2/2
    43 | D:1      | Reached XP level 2. HP: 11/14 MP: 3/3
   378 | D:1      | Reached XP level 3. HP: 14/18 MP: 4/4
   682 | D:1      | Found a faded altar of an unknown god.
   935 | D:2      | Reached skill level 5 in Ranged Weapons
   970 | D:2      | Noticed Natasha
   973 | D:2      | Killed Natasha
   974 | D:2      | Reached XP level 4. HP: 22/22 MP: 5/5
   983 | D:2      | Noticed Natasha
   986 | D:2      | Killed Natasha
  1148 | D:2      | Noticed Natasha
  1157 | D:2      | Killed Natasha
  1266 | D:2      | Found a sparkling altar of Nemelex Xobeh.
  1329 | D:2      | Reached XP level 5. HP: 25/25 MP: 6/6
  1780 | D:3      | Found a burning altar of Makhleb.
  2658 | D:3      | Noticed Terence
  2751 | D:3      | Killed Terence
  2752 | D:3      | Reached skill level 5 in Stealth
  2941 | D:3      | Found an iron altar of Okawaru.
  2965 | D:3      | Found a glowing silver altar of Zin.
  3424 | D:4      | Found a transporter.
  3446 | D:4      | Reached XP level 6. HP: 30/30 MP: 7/7
  3487 | D:4      | Found a transporter.
  3490 | D:4      | Noticed an ancient zyme
  4378 | D:4      | Found a one-way gate to the infinite horrors of the Abyss.
  4483 | D:5      | Entered Level 5 of the Dungeon
  4529 | D:5      | You fall into a shaft and drop 3 floors!
  4590 | D:8      | Found a snail-covered altar of Cheibriados.
  4590 | D:8      | Noticed an ice beast
  4622 | D:8      | Noticed Psyche
  4684 | D:8      | Noticed an ice beast
  4684 | D:8      | Noticed an orc warrior
  4726 | D:6      | Noticed a steam dragon
  4733 | D:6      | Killed a steam dragon
  4734 | D:6      | Reached XP level 7. HP: 20/33 MP: 8/8
  4762 | D:6      | Found Retukoaf's Assorted Antiques.
  4898 | D:6      | Bought a scroll of identify for 42 gold pieces
  5375 | D:5      | Reached XP level 8. HP: 37/37 MP: 9/9
  5384 | D:5      | Found the +7 Singing Sword {vorpal, sonic wave}
  5572 | D:5      | Found a basalt altar of Yredelemnul.
  5616 | D:5      | Found a bloodstained altar of Trog.
  6117 | D:3      | Became a worshipper of Warmaster Okawaru
  6402 | D:6      | Found a staircase to the Ecumenical Temple.
  6424 | D:6      | Found Keloeraw's Magic Scroll Boutique.
  6425 | D:6      | Found Oroplaaz's Distillery.
  6436 | D:6      | Bought a scroll of magic mapping for 105 gold pieces
  6480 | D:6      | Found Qemeil's General Store.
  6489 | D:6      | Bought a scroll of blinking for 90 gold pieces
  6489 | D:6      | Bought a potion of heal wounds for 60 gold pieces
  6562 | D:6      | Found Enoqim's Antique Weapon Boutique.
  6747 | D:7      | Found a shimmering blue altar of Sif Muna.
  6750 | D:7      | Reached * piety under Okawaru
  6886 | D:7      | Reached skill level 10 in Ranged Weapons
  6886 | D:7      | Reached XP level 9. HP: 43/43 MP: 10/10
  6948 | D:7      | Found an ancient bone altar of Kikubaaqudgha.
  7004 | D:7      | Reached skill level 10 in Stealth
  7087 | D:7      | Reached skill level 5 in Dodging
  7314 | D:7      | Noticed a kobold demonologist
  7332 | D:7      | Killed a kobold demonologist
  7332 | D:7      | Reached ** piety under Okawaru
  7923 | D:8      | Found a broken altar of Ashenzari.
  7927 | D:8      | Saw a vision of the Shoals and the Spider Nest.
  7927 | D:8      | Noticed a sea snake
  7927 | D:8      | Noticed a water nymph
  7927 | D:8      | Noticed a sea snake
  7927 | D:8      | Noticed a merfolk
  7927 | D:8      | Noticed a harpy
  7927 | D:8      | Noticed a merfolk
  7927 | D:8      | Noticed a steelbarb worm
  7927 | D:8      | Noticed a demonic crawler
  7927 | D:8      | Noticed a boulder beetle
  7928 | D:8      | Noticed a manticore
  7928 | D:8      | Noticed a harpy
  7929 | D:8      | Noticed a boulder beetle
  8311 | D:8      | Found a sacrificial altar of Ru.
  8776 | D:8      | Found a glowing golden altar of the Shining One.
  8776 | D:8      | Found a shadowy altar of Dithmenos.
  9196 | D:8      | Killed Psyche
  9196 | D:8      | Reached *** piety under Okawaru
  9197 | D:8      | Reached XP level 10. HP: 50/50 MP: 11/11
  9703 | D:9      | Noticed a death yak
  9704 | D:9      | Noticed a death yak
  9706 | D:9      | Noticed a death yak
  9717 | D:9      | Killed a death yak
  9775 | D:9      | Killed a death yak
  9825 | D:9      | HP: 1/51 [death yak (23)]
  9867 | D:9      | Killed a death yak
  9867 | D:9      | Reached **** piety under Okawaru
  9868 | D:9      | Reached skill level 5 in Fighting
 10468 | D:9      | Found a staircase to the Lair.
 10883 | D:9      | Noticed a +0 falchion
 10883 | D:9      | Noticed a +0 short sword
 10884 | D:9      | Noticed a +0 spear
 10884 | D:9      | Noticed a +0 dagger
 10884 | D:9      | Noticed a +0 dagger
 10887 | D:9      | Noticed a +0 short sword
 10887 | D:9      | Noticed a +0 falchion
 11099 | D:9      | Noticed a +0 spear
 11183 | D:9      | Noticed a two-headed ogre
 11187 | D:9      | Killed a two-headed ogre
 11188 | D:9      | Reached XP level 11. HP: 56/56 MP: 12/12
 11229 | D:9      | Reached ***** piety under Okawaru
 11402 | D:9      | Identified the +1 robe of Viosorph {+Inv rCorr Int+5}
                  | (Okawaru gifted it to you on level 9 of the Dungeon)
 11402 | D:9      | Received a gift from Okawaru
 11484 | D:9      | Identified a scroll of acquirement
 11484 | D:9      | Acquired the +3 hat "Oquiwn" {rPois rN+ MP-9 Slay+5}
 11568 | D:9      | Found a hide-covered altar of Uskayaw.
 11939 | Lair:1   | Entered Level 1 of the Lair of Beasts
 12015 | Lair:1   | Reached skill level 1 in Armour
 12529 | Lair:1   | Noticed a six-headed hydra
 12533 | Lair:1   | Killed a six-headed hydra
 13005 | Lair:1   | Reached skill level 1 in Evocations
 13312 | Lair:2   | Reached skill level 1 in Invocations
 13316 | Lair:2   | Reached skill level 10 in Dodging
 13550 | Lair:2   | Noticed a death yak
 13550 | Lair:2   | Noticed a death yak
 13555 | Lair:2   | Noticed a death yak
 13564 | Lair:2   | Killed a death yak
 13565 | Lair:2   | Reached XP level 12. HP: 51/62 MP: 3/14
 13596 | Lair:2   | Killed a death yak
 13598 | Lair:2   | Killed a death yak
 13598 | Lair:2   | Received a gift from Okawaru
 13863 | Lair:2   | Noticed a catoblepas
 13876 | Lair:2   | Killed a catoblepas
 13970 | Lair:2   | Noticed a death yak
 13982 | Lair:2   | Killed a death yak
 14085 | Lair:2   | Noticed a death yak
 14089 | Lair:2   | Killed a death yak
 14091 | Lair:2   | Noticed a death yak
 14109 | Lair:2   | Received a gift from Okawaru
 14116 | Lair:2   | Killed a death yak
 14263 | Lair:2   | Found a hole to the Spider Nest.
 14897 | Lair:3   | Found a staircase to the Shoals.
 14928 | Lair:3   | Reached skill level 5 in Armour
 15303 | Lair:3   | Reached skill level 5 in Evocations
 15343 | Lair:3   | Reached XP level 13. HP: 67/67 MP: 7/16
 15731 | Lair:3   | Found a runed translucent door.
 15732 | Lair:3   | Noticed Doxias's ghost (journeyman OpEE)
 15903 | Lair:4   | Learned a level 2 spell: Wereblood
 16123 | Lair:4   | Reached ****** piety under Okawaru
 16702 | Lair:5   | Entered Level 5 of the Lair of Beasts
 16753 | Lair:5   | Received a gift from Okawaru
 16929 | Lair:5   | Reached skill level 15 in Ranged Weapons
 16968 | Lair:5   | Reached skill level 1 in Spellcasting
 16968 | Lair:5   | Reached skill level 1 in Transmutations
 16978 | Lair:5   | Found a gate leading to a gauntlet.
 16990 | Gauntlet | Entered a Gauntlet
 16990 | Gauntlet | Found a transporter.
 17048 | Gauntlet | Found a transporter.
 17056 | Gauntlet | Found a runed translucent gate.
 17056 | Gauntlet | Found a runed translucent gate.
 17056 | Gauntlet | Found a runed translucent gate.
 17063 | Gauntlet | Found a transporter.
 17063 | Gauntlet | Found a transporter.
 17076 | Gauntlet | Found the ring of the Octopus King
 17077 | Gauntlet | Found a transporter.
 17091 | Gauntlet | Found a transporter.
 17102 | Gauntlet | Found a transporter.
 17113 | Gauntlet | Found a transporter.
 17114 | Gauntlet | Noticed a cacodemon
 17118 | Gauntlet | Found a transporter.
 17118 | Gauntlet | Found a transporter.
 17120 | Gauntlet | Found a transporter.
 17153 | Gauntlet | Found a transporter.
 17211 | Gauntlet | Found a transporter.
 17224 | Gauntlet | Found a transporter.
 17635 | Gauntlet | Identified a ring of the Octopus King {HP+2 AC+2 EV+2 SH+2
                  | SInv}
 17962 | Gauntlet | Identified the +12 short sword "Trog's Brutal Revenge"
                  | {vorpal, Int+3}
 17962 | Gauntlet | Noticed a minotaur
 18034 | Gauntlet | Killed a minotaur
 18056 | Gauntlet | Identified the ring "Efi Liptoth" {rF++ Int+6 Dex+6}
 18057 | Gauntlet | Got Komuog's Guide on the Chill and Forms
 18102 | Lair:5   | Reached skill level 5 in Invocations
 18379 | Lair:5   | Found a viscous altar of Jiyva.
 18379 | Lair:5   | Found a staircase to the Slime Pits.
 18442 | Lair:5   | Noticed a dire elephant
 18447 | Lair:5   | Noticed a dire elephant
 18450 | Lair:5   | Noticed a dire elephant
 18487 | Lair:5   | Killed a dire elephant
 18507 | Lair:5   | Killed a dire elephant
 18511 | Lair:5   | Killed a dire elephant
 18998 | Lair:5   | Noticed a dire elephant
 18999 | Lair:5   | Noticed a dire elephant
 19241 | Lair:5   | Received a gift from Okawaru
 19242 | Lair:5   | Reached XP level 14. HP: 73/73 MP: 11/20
 20373 | D:10     | Entered Level 10 of the Dungeon
 20673 | D:10     | Found an opulent altar of Gozag.
 20776 | D:10     | Noticed Amaemon
 20795 | D:10     | Killed Amaemon
 21105 | D:10     | Found a radiant altar of Vehumet.
 21304 | D:11     | Found a staircase to the Orcish Mines.
 21334 | D:11     | Found Gaereurofy's General Store.
 21607 | D:11     | Reached skill level 5 in Transmutations
 21626 | D:11     | Noticed Grum
 21638 | D:11     | Killed Grum
 22001 | Orc:1    | Entered Level 1 of the Orcish Mines
 22126 | Orc:1    | Identified the +4 storm dragon scales "Ynkufiux" {rElec
                  | Regen+} (Okawaru gifted it to you on level 1 of the Orcish
                  | Mines)
 22126 | Orc:1    | Received a gift from Okawaru
 22405 | Orc:2    | Entered Level 2 of the Orcish Mines
 22531 | Orc:2    | Found a staircase to the Elven Halls.
 22591 | Orc:2    | Reached skill level 5 in Spellcasting
 22920 | Orc:2    | Noticed an orc warlord
 22928 | Orc:2    | Killed an orc warlord
 22937 | Orc:2    | Noticed Saint Roka
 23333 | Orc:2    | Found Osiorafo's Jewellery Shoppe.
 23550 | Orc:2    | Killed Saint Roka
 23928 | Orc:2    | Found Ytebek's General Store.
 23944 | Orc:2    | Found Nazul's Antique Weapon Boutique.
 23960 | Orc:2    | Found Dataiph's Antique Armour Boutique.
 23976 | Orc:2    | Found Jaruc's Jewellery Boutique.
 24329 | D:12     | Reached XP level 15. HP: 80/80 MP: 14/23
 24910 | D:13     | Noticed Urug
 24910 | D:13     | Found a gate to the Vaults.
 24932 | D:12     | Paralysed by a floating eye for 4 turns
 24939 | D:12     | Reached skill level 10 in Fighting
 24973 | D:12     | Received a gift from Okawaru
 25009 | D:12     | Killed Urug
 26803 | D:15     | Entered Level 15 of the Dungeon
 26804 | D:15     | Found a bloodstained altar of Trog.
 26960 | D:15     | Noticed Nessos
 27025 | D:15     | Killed Nessos
 27549 | D:15     | Identified the +8 arbalest "Iriop" {penet, rF++ rN+ Int-3}
                  | (Okawaru gifted it to you on level 15 of the Dungeon)
 27549 | D:15     | Received a gift from Okawaru
 27799 | D:15     | Found a staircase to the Depths.
 27877 | D:15     | Found an ancient bone altar of Kikubaaqudgha.
 28266 | Spider:1 | Entered Level 1 of the Spider Nest
 28589 | Spider:1 | Reached XP level 16. HP: 53/87 MP: 15/24
 28970 | Spider:1 | Received a gift from Okawaru
 29169 | Spider:1 | Found a transporter.
 29169 | Spider:1 | Found a transporter.
 29270 | Spider:1 | Reached skill level 15 in Stealth
 29339 | Spider:1 | Reached skill level 10 in Transmutations
 29455 | Spider:2 | Received a gift from Okawaru
 29489 | Spider:2 | Reached skill level 15 in Dodging
 29952 | Spider:2 | Found a frozen archway.
 29999 | IceCv    | Entered an ice cave
 30019 | IceCv    | Found a transporter.
 30051 | IceCv    | Identified the +6 ice dragon scales "Neemoulu" {Harm rF-
                  | rC++}
 30061 | IceCv    | Found a transporter.
 30832 | Spider:3 | Identified the +1 robe of Bitterness {rC++ Str+9 Dex-4}
                  | (Okawaru gifted it to you on level 3 of the Spider Nest)
 30832 | Spider:3 | Received a gift from Okawaru
 30843 | Spider:2 | Reached skill level 1 in Hexes
 31120 | Spider:3 | Noticed Mlioglotl
 31142 | Spider:3 | Killed Mlioglotl
 31143 | Spider:3 | Reached skill level 2 in Hexes
 31540 | Spider:4 | Entered Level 4 of the Spider Nest
 31565 | Spider:4 | Reached skill level 3 in Hexes
 31655 | Spider:4 | Reached skill level 4 in Hexes
 31676 | Spider:4 | Reached XP level 17. HP: 47/94 MP: 2/27
 31995 | Spider:4 | Learned a level 5 spell: Yara's Violent Unravelling
 32160 | Spider:4 | Reached skill level 5 in Hexes
 32428 | Spider:4 | Identified the +2 shadow dragon scales of Muoluv {rPois rF+
                  | Dex+4 Stlth++++} (Okawaru gifted it to you on level 4 of
                  | the Spider Nest)
 32428 | Spider:4 | Received a gift from Okawaru
 32614 | Spider:4 | Reached skill level 6 in Hexes
 33130 | Spider:4 | Noticed Arachne
 33502 | Shoals:1 | Entered Level 1 of the Shoals
 33833 | Shoals:1 | Reached skill level 7 in Hexes
 33974 | Shoals:1 | Found Cungumyc's Gadget Gallery.
 33974 | Shoals:1 | Found Likk's Distillery.
 33989 | Shoals:1 | Bought a potion of invisibility for 80 gold pieces
 33989 | Shoals:1 | Bought a potion of heal wounds for 50 gold pieces
 33989 | Shoals:1 | Bought a potion of mutation for 80 gold pieces
 34028 | Shoals:1 | Noticed a titan
 34531 | Shoals:1 | Received a gift from Okawaru
 34550 | Shoals:1 | Reached skill level 8 in Hexes
 34815 | Shoals:1 | Killed a titan
 35194 | Shoals:2 | Noticed Polyphemus
 35207 | Shoals:2 | Killed Polyphemus
 35307 | Shoals:2 | Noticed Ilsuiw
 35325 | Shoals:2 | Killed Ilsuiw
 35335 | Shoals:2 | Received a gift from Okawaru
 35548 | Shoals:2 | Reached skill level 9 in Hexes
 35852 | Shoals:2 | Found Oqozeuno's Antique Armour Shoppe.
 35943 | Shoals:3 | Identified the +1 cloak of the Thieving Gods {+Blink Will+
                  | Stlth+}
 35998 | Shoals:3 | Reached XP level 18. HP: 74/101 MP: 22/31
 36242 | Shoals:3 | Reached skill level 10 in Hexes
 36323 | Shoals:3 | Identified the amulet of Vas Jeis {Reflect Rampage SH+5}
 36792 | Shoals:4 | Entered Level 4 of the Shoals
 36958 | Shoals:4 | Reached skill level 11 in Hexes
 37068 | Shoals:4 | Identified the +1 buckler of Philately {Will+ Dex+4 Stlth+}
                  | (Okawaru gifted it to you on level 4 of the Shoals)
 37068 | Shoals:4 | Received a gift from Okawaru
 37083 | Shoals:4 | Reached skill level 10 in Spellcasting
 37230 | Shoals:4 | Got a barnacled rune of Zot
 37315 | Shoals:4 | Reached skill level 12 in Hexes
 37318 | Shoals:4 | Identified Roxanne's Verses on Clay
 37318 | Shoals:4 | Noticed Roxanne
 37327 | Shoals:4 | Killed Roxanne
 38245 | Spider:4 | Reached skill level 13 in Hexes
 38689 | Spider:4 | Got a gossamer rune of Zot
 38870 | Spider:4 | Identified the +2 hat "Limibijaell" {rC- Will+++ Regen+}
 39336 | Elf:1    | Entered Level 1 of the Elven Halls
 39850 | Elf:1    | Reached skill level 14 in Hexes
 40049 | Elf:1    | Identified the +8 spear "Qicaha Deoh" {drain, rF+ Int+7}
 40705 | Elf:2    | Received a gift from Okawaru
 40705 | Elf:2    | Found the +0 staff of Battle
 40987 | Elf:2    | Reached skill level 15 in Hexes
 41176 | Elf:2    | Found a runed translucent gate.
 41178 | Elf:2    | Found a runed translucent gate.
 41178 | Elf:2    | Found a runed translucent gate.
 41192 | Elf:2    | Reached XP level 19. HP: 106/106 MP: 27/36
 41568 | Elf:2    | Found Xotonom's Assorted Antiques.
 41836 | Elf:2    | Reached skill level 16 in Hexes
 42270 | Elf:2    | Learned a level 8 spell: Discord
 42441 | Elf:3    | Entered Level 3 of the Elven Halls
 42489 | Elf:3    | Identified the +4 demon blade of Bigumeg {vorpal, Fragile
                  | rElec Str+6 Int+3}
 42618 | Elf:3    | Found Mecank's Antique Armour Emporium.
 42634 | Elf:3    | Received a gift from Okawaru
 42943 | Elf:3    | Found Sohaas's One-of-a-Kind Rings.
 42964 | Elf:3    | Reached skill level 17 in Hexes
 43219 | Elf:3    | Received a gift from Okawaru
 43235 | Elf:3    | Reached skill level 18 in Hexes
 43326 | Elf:3    | Gained mutation: You occasionally lose the ability to drink
                  | potions when taking damage. [a cacodemon]
 43658 | Elf:2    | Lost mutation: You occasionally lose the ability to drink
                  | potions when taking damage. [potion of mutation]
 43658 | Elf:2    | Gained mutation: Your flesh is cold resistant. (rC+)
                  | [potion of mutation]
 43788 | Elf:3    | Identified the +1 demon blade of Massacring {freeze, Drain
                  | rC+ rN+ Int+4}
 43788 | Elf:3    | Identified the amulet "Kimuniu" {rPois Regen+ rCorr Str+4
                  | Dex+3}
 43848 | Elf:3    | Identified the +4 trident "Afeap" {freeze, Int+3}
 43856 | Elf:3    | Identified the +10 quarterstaff "Ivvoed" {vorpal, rPois
                  | Int+7}
 43883 | Elf:3    | Identified the +2 robe of the Gastropod {Fly}
 43891 | Elf:3    | Identified the +7 trident of Wisch {freeze, Will+ Int+4}
 43896 | Elf:3    | Identified the ring "Yllikhit" {AC+4 Str-3 Dex+5 Slay+5}
 43905 | Elf:3    | Got Rikausid's Reference Book on Spellbinding and
                  | Transmigration
 43936 | Elf:3    | Identified the +6 long sword of Dried Tears {speed, rC+
                  | Str+6}
 44235 | Elf:3    | Bought the ring "Qearghyt" {*Slow rC+ rN+ Will+++ rCorr}
                  | for 1212 gold pieces
 44433 | Vaults:1 | Entered Level 1 of the Vaults
 44760 | Vaults:1 | Reached skill level 19 in Hexes
 44770 | Vaults:1 | Received a gift from Okawaru
 44770 | Vaults:1 | Found the +3 warlock's mirror {reflect}
 45049 | Vaults:1 | Reached XP level 20. HP: 111/111 MP: 30/39
 45563 | Vaults:1 | Reached skill level 15 in Spellcasting
 46134 | Vaults:1 | Acquired the +4 arbalest of Extremism {freeze, Fly}
 46282 | Vaults:1 | Found Iroj Mie's Assorted Antiques.
 46327 | Vaults:1 | Reached skill level 20 in Hexes
 47654 | Vaults:2 | Received a gift from Okawaru
 47688 | Vaults:2 | Reached skill level 21 in Hexes
 48963 | Vaults:2 | Found a staircase to the Crypt.
 49793 | Vaults:3 | Identified the +1 arbalest of the Apocalypse {penet,
                  | Will+++ Str-4 SInv Stlth+}
 49803 | Vaults:3 | Identified the +10 arbalest of Unaegg {freeze, Str-5 Dex+5}
 50231 | Vaults:3 | Noticed quaternion's ghost (veteran MiFi)
 50235 | Vaults:3 | Found a transporter.
 50243 | Vaults:3 | Found a transporter.
 50352 | Vaults:3 | Reached skill level 22 in Hexes
 50471 | Vaults:3 | Reached XP level 21. HP: 88/115 MP: 34/43
 50834 | Vaults:3 | Identified the +9 arbalest of the Brain {venom, *Corrode
                  | rElec rPois Dex+4} (Okawaru gifted it to you on level 3 of
                  | the Vaults)
 50834 | Vaults:3 | Received a gift from Okawaru
 50837 | Vaults:3 | Identified the +0 cloak of Kiblevoh {Rampage Int+4}
 50844 | Vaults:3 | Killed quaternion's ghost
 51389 | Vaults:4 | Received a gift from Okawaru
 51562 | Vaults:4 | Reached skill level 23 in Hexes
 52731 | Vaults:5 | Entered Level 5 of the Vaults
 52740 | Vaults:5 | Received a gift from Okawaru
 53084 | Vaults:5 | Identified the +2 leather armour of Surutuec {Harm}
 53211 | Vaults:5 | Noticed a golden dragon
 53226 | Vaults:5 | Killed a golden dragon
 53355 | Vaults:5 | Reached XP level 22. HP: 121/121 MP: 36/45
 53357 | Vaults:5 | Found Qogejoyr's Assorted Antiques.
 53379 | Vaults:5 | Bought a potion of mutation for 224 gold pieces
 53433 | Vaults:5 | Noticed a dread lich
 53442 | Vaults:5 | Killed a dread lich
 53443 | Vaults:5 | Reached skill level 24 in Hexes
 53478 | Vaults:5 | Noticed an ancient lich
 53483 | Vaults:5 | Killed an ancient lich
 53484 | Vaults:5 | Received a gift from Okawaru
 53724 | Vaults:5 | Noticed an ancient lich
 53732 | Vaults:5 | Killed an ancient lich
 54107 | Vaults:5 | Got Sif Muna's Papyrus of Grisly Metal
 54109 | Vaults:5 | Got a silver rune of Zot
 54215 | Vaults:5 | Identified the +0 plate armour "Dibuwas" {rC- Regen+ Str+4}
 54309 | Vaults:5 | Learned a level 7 spell: Enfeeble
 54649 | Vaults:5 | Acquired 1119 gold pieces
 54864 | Depths:1 | Entered Level 1 of the Depths
 54879 | Depths:1 | Received a gift from Okawaru
 55158 | Depths:1 | Reached skill level 15 in Fighting
 55321 | Depths:1 | Noticed Bai Suzhen
 55328 | Depths:1 | Killed Bai Suzhen
 55393 | Depths:1 | Found Rutaxt's Tremendous Tomes.
 55446 | Depths:1 | Learned a level 5 spell: Silence
 55528 | Depths:1 | Found a runed translucent door.
 55989 | Depths:1 | Found a gateway to Hell.
 55995 | Depths:1 | Reached skill level 1 in Translocations
 56341 | Depths:1 | Identified the +7 long sword "Ereas" {drain, +Blink}
                  | (Okawaru gifted it to you on level 1 of the Depths)
 56341 | Depths:1 | Received a gift from Okawaru
 56919 | Depths:2 | Received a gift from Okawaru
 56931 | Depths:2 | Reached XP level 23. HP: 127/127 MP: 30/46
 56944 | Depths:2 | Reached skill level 5 in Translocations
 56956 | Depths:2 | Learned a level 6 spell: Dispersal
 57013 | Depths:2 | Found an ornate altar of the Wu Jian Council.
 57836 | Depths:2 | Found a one-way gate leading to the halls of Pandemonium.
 57984 | Depths:2 | Noticed a juggernaut
 57988 | Depths:2 | Received a gift from Okawaru
 58143 | Depths:2 | Killed a juggernaut
 58839 | Depths:3 | Found a burning altar of Makhleb.
 59359 | Depths:3 | Noticed Parghit
 59385 | Depths:3 | Hit by a large rock thrown by Parghit

Illustrated notes

Levels and vault maps discovered:
D:1:      dpeg_arrival_tiny_a, layout_basic, basic_ecumenical_altar
D:2:      layout_basic, basic_altar, uniq_natasha
D:3:      layout_basic, mainiacjoe_overflow_six_doors_small,
          amcnicky_altar_gilded, nicolae_overflow_crystal_walls, uniq_terence
D:4:      cheibrodos_thug_alley, layout_basic, gammafunk_ghost_abyssal_escape
D:5:      old_forge, layout_loops_ring, mainiacjoe_overflow_big_doors
D:6:      layout_rooms, minmay_temple_entry_statues_fountains, serial_shops,
          nicolae_shop_trees, kennysheep_little_box, shop, shop,
          kennysheep_mini_moat, minivault_14
D:7:      layout_rooms, lemuel_tele_altar, old_standard_altar,
          serial_corexii_hall, corexii_hall_statues_deadend,
          chequers_hall_statues_y, nrook_uturn, kennysheep_generic_room_14
D:8:      layout_rooms, old_standard_altar, nicolae_ru_great_annihilating_truth,
          nicolae_overflow_two_pavilions, grunt_ashenzari_visionary
          [grunt_ashenzari_visionary_shoals, grunt_ashenzari_visionary_spider],
          chequers_ossuary_entry_cave, dk_noncrumbling_4, grunt_ministairs_14,
          uniq_psyche
D:9:      layout_loops_corners, nicolae_uskayaw_en_pointe, dpeg_lair_monsters,
          onia_ninara_cookie
D:10:     layout_loops_ring, general_overflow_altar, grunt_gozag_breadcrumbs,
          kennysheep_generic_room_15, uniq_amaemon
D:11:     layout_loops_ring, david_orc_3, serial_shops,
          nicolae_shop_window_shopping, uniq_grum
D:12:     layout_roguey
D:13:     layout_layer_cave, david_vaults_3, hangedman_corner_corridor
D:14:     layout_loops_ring, fountainhead
D:15:     grunt_enter_depths_magical_seal, layout_basic, bloody_trog,
          roderic_batcave, nicolae_kikubaaqudgha_miasma_corner, uniq_nessos
Lair:1:   beast_lair_carwin_large_3, layout_small_grid, minivault_25,
          serial_bayou_pond_c
Lair:2:   layout_regular_city, nicolae_spider_entry_orb_guardian,
          hangedman_lair_unloving_vines, serial_bayou_shore_b,
          serial_bayou_shore_b
Lair:3:   layout_loops_ring, elwin_shoals_entry_rocks,
          ebering_ghost_inner_flame, grunt_megastairs_1
Lair:4:   layout_misc_corridors
Lair:5:   due_jungle_book, layout_long_grid, dpeg_slime_entry_corner,
          gauntlet_entry_generic, serial_bayou_shore_a, lemuel_fruit_fields
Shoals:1: cheibrodos_shoals_gigantism, layout_shoals, serial_shops,
          nicolae_shop_crystal, nicolae_shop_gadgets
Shoals:2: layout_shoals, serial_shops, nicolae_take_the_stairs, uniq_ilsuiw,
          uniq_polyphemus
Shoals:3: layout_shoals, nicolae_shoals_hunting_party
Shoals:4: shoals_end_grunt_garden, layout_shoals, uniq_roxanne
Spider:1: gammafunk_boulding_lane
Spider:2: layout_spider_delve, portal_ice_cave_entry_frozen_things
Spider:3: layout_spider_delve, uniq_mlioglotl
Spider:4: johnstein_spider_rune_arachne_lair
Orc:1:    layout_diamond_mine
Orc:2:    grunt_orc_cross, layout_diamond_mine, serial_shops, shop
Elf:1:    minmay_elf_arrival_summoners, layout_loops_corners, serial_glass,
          glass_columns_b, glass_columns_a, evilmike_minifort, uniq_louise
Elf:2:    elven_hall_of_blades_hangedman_original [mumra_blade_entry_bloodbath],
          layout_onion_city, serial_shops, nicolae_shop_behind_doors,
          palyth_stone_intersect
Elf:3:    minmay_elf_hall_not_hex, layout_geoelf_octagon, serial_shops,
          nicolae_shop_overgrown_old_shop, nicolae_shop_unique_rings
Vaults:1: ontoclasm_vaults_idyll, vaults_standard_mumra_x, v_rooms_1,
          vaults_dpeg_diagonal, nicolae_vaults_bisected_inception, v_pattern_4,
          grunt_vaults_twisty, ontoclasm_vaults_fault, v_misc_16,
          grunt_vaults_funnel, v_alt_pattern_2, vaults_mumra_lcd, v_misc_16,
          vaults_dpeg_ring, layout_vaults_maze_bifur, serial_shops,
          nicolae_shop_stone
Vaults:2: nicolae_vaults_disjoint_gnomons, nicolae_vaults_hallways_thing,
          nicolae_vaults_angled_halls, blue_anna_dwarven_crypt,
          hangedman_vaults_stream, v_misc_10, v_misc_12,
          nicolae_vaults_stairing_the_circle, serial_ice_b,
          nicolae_vaults_gold_heap, vaults_room_semicircle,
          nicolae_vaults_murderbox, layout_vaults_chaotic_city
Vaults:3: gammafunk_ghost_arena, nicolae_vaults_network_star, st_star,
          v_misc_23, ontoclasm_vaults_twist, ontoclasm_vaults_loading_screen,
          v_misc_23, vaults_mumra_minichess, vaults_room_pool, v_misc_24,
          nicolae_vaults_yaktaur_gun_rack, vaults_room_pools, layout_vaults_ring
Vaults:4: hangedman_vaults_nodes, vaults_mumra_hex, v_misc_31,
          hangedman_vaults_stretched_pinwheel, serial_ice_m, v_rooms_6,
          ontoclasm_vaults_gateway, vaults_room_hallway,
          hangedman_vaults_impose, ontoclasm_vaults_chip,
          ontoclasm_vaults_pinch, v_alt_pattern_1,
          nicolae_vaults_sealed_display, layout_vaults_omnicross
Vaults:5: uniq_xtahua
Depths:1: layout_gridville, minivault_14, abyss_entry, grunt_hell_entry_dis_mu,
          nicolae_shop_i_like_big_books, minmay_hidden_floor, uniq_bai_suzhen
Depths:2: evilmike_lava_path, layout_cave_pools, pan_entry, lightli_too_deep,
          pdpol_wu_jian_five_deadly_venoms, abyss_entry,
          minmay_staircase_windowed_small
Depths:3: evilmike_makhleb_hellhole, layout_twisted_cross, ziggurat_fallback,
          serial_shops, nicolae_lakefront_shop, rand_demon_pan_entry_4,
          abyss_entry_crystal, minmay_misc_feat_plants, hell_entry, uniq_parghit

Skill      XL: |  1  2  3  4  5  6  7  8  9 10 11 12 13 14 15 16 17 18 19 20 21 22 23 |
---------------+----------------------------------------------------------------------+-----
Stealth        | 2 3 4 5 6 8 9 11 13 14 16 17 18 20 21 | 21.3
Ranged Weapons | 5 6 7 8 10 11 12 13 14 15 16 17 18 | 18.0
Dodging        | 4 6 8 10 11 12 13 14 15 16 17 19 | 19.7
Fighting       | 2 4 5 6 7 8 9 11 12 13 14 15 16 | 16.3
Armour         | 3 5 6 |  6.0
Evocations     | 2 5 7 8 |  8.0
Invocations    | 1 3 5 7 8 9 |  9.5
Spellcasting   | 3 5 6 8 12 14 17 18 | 18.9
Transmutations | 3 7 9 10 | 10.6
Hexes          | 4 9 15 19 22 23 24 | 24.7
Translocations | 4 7 |  7.9

Action                   |  1- 3 |  4- 6 |  7- 9 | 10-12 | 13-15 | 16-18 | 19-21 | 22-24 || total
-------------------------+-------+-------+-------+-------+-------+-------+-------+-------++-------
Melee: Dagger            |     1 |    21 |    30 |    24 |       |       |       |       ||    76
       Punch             |       |     1 |       |       |       |       |       |       ||     1
       Double sword      |       |       |     3 |       |       |       |       |       ||     3
       Short sword       |       |       |       |       |     4 |       |       |       ||     4
 Fire: Shortbow          |    77 |   199 |    86 |       |       |       |       |       ||   362
       Arbalest          |       |       |   190 |   483 |  1126 |  1340 |  1125 |   587 ||  4851
 Cast: Wereblood         |       |       |       |       |    31 |    31 |    23 |       ||    85
       Discord           |       |       |       |       |       |       |    13 |    25 ||    38
       Enfeeble          |       |       |       |       |       |       |       |    30 ||    30
       Yara's Violent Un |       |       |       |       |       |       |       |     6 ||     6
Invok: Heroism           |       |       |       |     3 |    15 |     6 |     3 |       ||    27
       Finesse           |       |       |       |       |    11 |     8 |    10 |       ||    29
Evoke: Wand              |       |       |       |       |     6 |     2 |       |       ||     8
       Condenser vane    |       |       |       |       |     1 |       |       |       ||     1
  Use: Scroll            |       |     5 |     8 |     9 |    13 |    11 |    11 |     3 ||    60
       Potion            |       |       |       |     2 |     2 |     1 |     8 |     1 ||    14
 Stab: Sleeping          |     1 |     1 |     6 |     1 |       |       |       |       ||     9
Armor: Robe              |     4 |     2 |       |       |       |       |       |       ||     6
       Steam dragon scal |       |       |    10 |     6 |       |       |       |       ||    16
       Acid dragon scale |       |       |       |    20 |    79 |   127 |    51 |    11 ||   288
Dodge: Dodged            |    34 |    60 |    98 |   243 |   754 |  1121 |   439 |   147 ||  2896
Block: Other             |       |     3 |    32 |    66 |   120 |   175 |    74 |    25 ||   495
       Reflection        |       |     1 |       |     3 |    17 |    19 |    16 |     6 ||    62
